Map: Ephemeron LE

Players

ShoWTimE

  • Race: Protoss Protoss
  • Spawn Location: 11:00

soO - Winner!

  • Race: Zerg Zerg
  • Spawn Location: 5:00

Event: 2019 WCS Global FInals

VOD

Have the link to the VOD?

Description

Time

  • Played on: Oct. 24, 2019, 6:32 a.m.
  • Length: 10:32

All games in this series

Show
View Real Time Build Order
Export as new Build Order

ShoWTimE Protoss 

Build Orders:  

Get SALT Encoding   

  12  0:00  Probe  
  13  0:12  Probe  
  14  0:18  Pylon  
  14  0:24  Probe (Chrono Boost)  
  15  0:36  Probe (Chrono Boost)  
  15  0:38  Gateway  
  16  0:45  Probe (Chrono Boost)  
  16  0:46  Assimilator  
  17  0:51  Probe  
  18  1:03  Probe  
  19  1:17  Gateway  
  20  1:20  Pylon  
  19  1:26  Cybernetics Core  
  19  1:28  Zealot (Chrono Boost)  
  19  1:32  Probe  
  22  1:44  Probe  
  22  1:46  Zealot (Chrono Boost)  
  25  1:56  Probe (Chrono Boost)  
  26  2:04  Adept  
  28  2:13  Cybernetics Core, Adept  
  31  2:18  Pylon  
  30  2:27  Probe  
  28  2:50  Nexus  
  27  2:52  Probe  
  27  2:55  Warp Gate  
  28  3:02  Assimilator  
  28  3:04  Probe  
  29  3:13  Stargate  
  29  3:17  Probe  
  30  3:20  Adept  
  32  3:29  Probe (Chrono Boost)  
  32  3:32  Adept  
  35  3:38  Probe (Chrono Boost)  
  36  3:41  Pylon  
  36  3:43  Probe (Chrono Boost)  
  37  3:55  Probe  
  38  4:06  Phoenix (Chrono Boost)  
  38  4:08  Probe (Chrono Boost)  
  42  4:13  Probe (Chrono Boost)  
  42  4:17  Probe (Chrono Boost)  
  43  4:20  Probe (Chrono Boost)  
  43  4:22  Probe  
  45  4:27  Oracle (Chrono Boost)  
  48  4:31  Probe  
  48  4:33  Assimilator  
  48  4:34  Probe  
  48  4:35  Assimilator  
  50  4:40  Pylon  
  50  4:43  Probe  
  50  4:44  Adept x2  
  55  4:46  Probe  
  55  4:52  Pylon  
  56  4:55  Probe  
  56  4:58  Oracle, Probe  
  61  5:05  Robotics Facility  
  61  5:08  Probe  
  61  5:13  Probe  
  61  5:14  Sentry  
  65  5:21  Probe  
  66  5:25  Probe  
  67  5:33  Probe  
  67  5:35  Sentry  
  66  5:37  Probe  
  66  5:42  Nexus  
  65  5:45  Probe  
  65  5:46  Oracle (Chrono Boost)  
  65  5:47  Pylon  
  65  5:49  Probe  
  70  5:53  Observer  
  71  5:57  Probe  
  71  6:01  Probe  
  71  6:03  Pylon, Forge  
  73  6:09  Probe  
  74  6:11  Sentry x2  
  74  6:13  Probe  
  74  6:14  Gateway  
  79  6:21  Probe  
  79  6:22  Shield Battery  
  79  6:23  Immortal (Chrono Boost)  
  81  6:25  Probe  
  85  6:33  Probe  
  85  6:35  Pylon  
  85  6:37  Probe  
  85  6:39  Zealot x2  
  91  6:45  Probe  
  91  6:46  Protoss Ground Weapons Level 1  
  92  6:49  Probe  
  93  6:57  Probe x2  
  93  7:01  Assimilator  
  95  7:02  Immortal, Probe  
  95  7:05  Assimilator  
  100  7:09  Probe x2  
  100  7:10  Zealot  
  100  7:13  Zealot  
  100  7:14  Probe  
  103  7:21  Probe  
  103  7:22  Probe, Zealot  
  98  7:35  Twilight Council  
  97  7:37  Gateway  
  97  7:39  Gateway  
  97  7:41  Gateway  
  97  7:44  Gateway  
  101  7:50  Probe  
  101  7:51  Probe  
  99  7:52  Probe  
  99  7:53  Zealot x3  
  99  7:54  Warp Prism (Chrono Boost)  
  102  8:02  Probe  
  102  8:03  Pylon  
  101  8:07  Charge (Chrono Boost)  
  93  8:16  Adept x3  
  93  8:18  Probe  
  98  8:23  Probe  
  98  8:26  Probe  
  97  8:30  Probe  
  98  8:35  Templar Archives  
  98  8:43  Adept x4  
  98  8:46  Zealot x3  
  112  8:58  Pylon  
  112  9:07  Probe x2  
  112  9:08  Probe  
  115  9:14  High Templar x2  
  115  9:15  High Templar x3  
  125  9:18  Pylon, Archon  
  125  9:19  Probe, Archon  
  125  9:28  High Templar x2  
  126  9:32  Archon  
  126  9:34  Immortal (Chrono Boost)  
  125  9:42  Shield Battery  
  125  9:47  High Templar  
  125  9:48  Zealot x3  
  129  9:54  Archon  
  129  9:58  Zealot  
  122  10:02  Zealot x2  
  101  10:11  Zealot x3  
  90  10:20  Stalker x2  
Show
View Real Time Build Order
Export as new Build Order

soO Zerg - Winner!

Build Orders: Pool First, Muta Ling Bane 

Get SALT Encoding   

  12  0:17  Spawning Pool  
  11  0:21  Drone  
  11  0:26  Drone  
  13  0:31  Drone  
  14  0:39  Overlord  
  14  1:03  Zergling x4  
  16  1:04  Zergling x2  
  17  1:16  Hatchery  
  17  1:18  Zergling x2  
  17  1:28  Zergling x2  
  18  1:33  Queen  
  18  1:39  Drone  
  21  1:48  Overlord  
  21  2:00  Drone  
  22  2:08  Queen  
  22  2:09  Drone  
  25  2:21  Drone  
  26  2:28  Queen  
  28  2:32  Drone x2  
  27  2:39  Drone  
  27  2:41  Drone x2  
  27  2:42  Drone  
  31  2:46  Drone  
  31  2:49  Drone  
  32  2:53  Extractor  
  32  2:54  Drone  
  32  3:01  Overlord  
  32  3:04  Drone  
  33  3:13  Drone  
  33  3:16  Drone  
  35  3:21  Drone x4  
  35  3:22  Overlord  
  35  3:23  Drone x2  
  41  3:29  Zergling x2  
  42  3:35  Overlord  
  42  3:40  Drone  
  43  3:47  Zergling x2  
  44  3:49  Drone x2  
  44  3:50  Drone  
  47  3:56  Zergling x2  
  47  3:58  Zergling x2  
  47  4:00  Drone x2  
  47  4:01  Drone, Hatchery  
  48  4:08  Drone x2  
  50  4:11  Queen  
  52  4:17  Drone x2  
  52  4:20  Spore Crawler  
  53  4:26  Spore Crawler, Drone x2  
  53  4:27  Drone  
  53  4:29  Drone  
  53  4:30  Drone  
  57  4:34  Metabolic Boost  
  57  4:39  Zergling x4  
  57  4:40  Overlord  
  59  4:45  Overlord  
  59  4:47  Overlord, Evolution Chamber  
  58  4:52  Overlord  
  58  5:01  Drone  
  58  5:02  Overlord  
  58  5:05  Drone x2  
  58  5:06  Extractor  
  60  5:09  Spore Crawler  
  60  5:11  Zergling x6  
  60  5:12  Drone x2  
  64  5:14  Drone, Queen  
  64  5:16  Zerg Melee Weapons Level 1  
  64  5:18  Zergling x2  
  68  5:28  Drone x2  
  68  5:30  Drone x3  
  67  5:38  Drone  
  67  5:39  Drone x2  
  67  5:41  Drone  
  67  5:42  Drone  
  70  5:43  Drone x2  
  70  5:47  Drone  
  70  5:48  Drone  
  74  5:50  Drone  
  74  5:53  Lair  
  74  5:55  Extractor, Zergling x2  
  74  5:56  Zergling x2  
  76  5:58  Roach Warren  
  76  5:59  Drone  
  76  6:01  Extractor  
  75  6:04  Zergling x2  
  75  6:09  Zergling x12  
  75  6:10  Zergling x2  
  83  6:14  Baneling Nest  
  83  6:15  Drone  
  83  6:20  Drone x2  
  83  6:21  Drone  
  83  6:22  Drone  
  83  6:25  Drone x2  
  89  6:27  Extractor  
  89  6:29  Overlord  
  89  6:30  Drone  
  89  6:36  Drone  
  89  6:39  Hatchery  
  88  6:40  Overlord  
  88  6:42  Drone  
  88  6:43  Overlord, Drone  
  89  6:47  Queen  
  89  6:51  Drone  
  89  6:52  Drone  
  89  6:53  Glial Reconstitution  
  93  7:01  Drone, Centrifical Hooks  
  94  7:02  Spire  
  94  7:06  Overseer, Drone, Hatchery  
  93  7:08  Drone  
  93  7:10  Extractor, Zergling x14  
  93  7:11  Zergling x8  
  103  7:16  Zerg Melee Weapons Level 2  
  103  7:21  Zergling x4  
  99  7:23  Zergling x2  
  99  7:27  Zergling x2  
  96  7:30  Zergling x2  
  96  7:31  Zergling x2  
  96  7:33  Drone  
  96  7:34  Drone  
  96  7:36  Drone, Hatchery  
  91  8:08  Roach x10, Zergling x4  
  91  8:09  Overlord x2  
  91  8:11  Overlord x2  
  113  8:20  Overlord  
  113  8:21  Roach x2  
  113  8:22  Roach  
  117  8:28  Roach  
  118  8:35  Ravager  
  118  8:43  Roach x8  
  118  8:44  Ravager x2  
  118  8:45  Ravager x2  
  118  8:46  Roach x2  
  142  8:50  Roach x2  
  142  8:51  Overlord  
  142  8:54  Infestation Pit  
  144  8:57  Zergling x14  
  144  9:01  Roach x3  
  157  9:03  Ravager x2  
  159  9:10  Overlord  
  159  9:17  Overlord x3  
  159  9:18  Drone  
  159  9:20  Extractor x2  
  155  9:26  Drone x5  
  155  9:29  Hatchery  
  153  9:32  Mutalisk x9  
  153  9:35  Drone x4  
  172  9:39  Baneling  
  172  9:40  Baneling x6, Drone  
  172  9:42  Drone  
  172  9:44  Drone  
  172  9:45  Ravager  
  176  9:46  Zergling x2  
  176  9:47  Drone  
  177  9:56  Roach x2, Zergling x6  
  169  10:03  Roach x2, Zergling x6  
  169  10:04  Zergling x2  
  169  10:06  Zergling x4  
  168  10:07  Zergling x4  
  168  10:09  Zergling x4  
  168  10:11  Zergling x2  
Tags
 
Add a new tag
Caveats
  • Supply blocks, unpowered buildings, or Contaminate may cause inaccurate times.
  • Supply counts are checked every 10 seconds.